 Dungeon Crawl Stone Soup version 0.21.1-1-g345015fe64 (webtiles) character file.

82920 Gedi the Severer (level 15, -26/137 HPs)
             Began as a Minotaur Abyssal Knight on June 16, 2018.
             Was the Champion of Lugonu.
             Killed from afar by an ice statue (29 damage)
             ... with a bolt of cold
             ... on level 3 of the Shoals on June 17, 2018.
             The game lasted 01:39:51 (31225 turns).

Gedi the Severer (Minotaur Abyssal Knight)         Turns: 31225, Time: 01:39:52

Health: -26/137    AC: 24    Str: 29    XL:     15   Next: 30%
Magic:  0/21       EV: 12    Int: 15    God:    Lugonu [******]
Gold:   893        SH: 21    Dex: 11    Spells: 6/14 levels left

rFire    . . .     SeeInvis +   F - +2 broad axe (distort)
rCold    . . .     Gourm    .   p - +0 large shield
rNeg     . . .     Faith    .   e - +2 plate armour
rPois    .         Spirit   +   L - +0 hat of Repulsion {*Slow rC- Str+7 Int+6}
rElec    .         Reflect  .   u - scarf {Spirit}
rCorr    .         Harm     .   b - +0 pair of gloves
MR       +....                  N - +1 pair of boots
Stlth    ..........             f - amulet of guardian spirit
HPRegen  0.32/turn              i - ring of see invisible
MPRegen  0.17/turn              y - +6 ring of evasion

@: no status effects
A: retaliatory headbutt, horns 2, yellow scales 1, cold resistance 1, wild magic
1
a: Depart the Abyss, Bend Space, Banish, Corrupt, Enter the Abyss, Renounce
Religion


You were on level 3 of the Shoals.
You worshipped Lugonu.
Lugonu was exalted by your worship.
You were hungry.

You visited 4 branches of the dungeon, and saw 23 of its levels.
You visited the Abyss 1 time.

You collected 1482 gold pieces.
You spent 589 gold pieces at shops.

Inventory:

Hand Weapons
 F - a +2 broad axe of distortion (weapon)
Armour
 b - a +0 pair of gloves (worn)
 e - a +2 plate armour (worn)
 n - a scarf of repulsion
 p - a +0 large shield (worn)
 u - a scarf of spirit shield (worn)
 L - the +0 hat of Repulsion (worn) {*Slow rC- Str+7 Int+6}
   (You acquired it on level 2 of the Shoals)

   It affects your strength (+7).
   It affects your intelligence (+6).
   It makes you vulnerable to cold.
   It may slow you when you take damage.
 M - a +2 cloak
 N - a +1 pair of boots (worn)
Jewellery
 f - an amulet of guardian spirit (around neck)
 i - a ring of see invisible (left hand)
 j - an uncursed ring of resist corrosion
 y - a +6 ring of evasion (right hand)
 I - a +5 ring of strength
Wands
 a - a wand of paralysis (26)
 g - a wand of acid (24)
 o - a wand of enslavement (24)
 r - a wand of random effects (17)
 s - a wand of scattershot (6)
 w - a wand of flame (133)
 z - a wand of clouds (4)
 A - a wand of polymorph (13)
 E - a wand of iceblast (18)
 P - a wand of digging (9)
Scrolls
 d - 5 scrolls of teleportation
 h - 14 scrolls of identify
 m - 3 scrolls of magic mapping
 q - a scroll of blinking
 t - 11 scrolls of remove curse
 D - 6 scrolls of amnesia
Potions
 k - 2 potions of haste
 l - a potion of berserk rage
 v - 2 potions of ambrosia
 B - 4 potions of brilliance
 C - 6 potions of flight
 G - 2 potions of curing
 J - 3 potions of might
 K - a potion of agility
Comestibles
 c - 39 rations
 x - 3 chunks of flesh


   Skills:
 * Level 13.7 Fighting
 * Level 18.1 Axes
 * Level 14.0 Armour
 - Level 1.1 Dodging
 * Level 14.0 Shields
 * Level 10.0 Invocations


You had 6 spell levels left.
You knew the following spells:

 Your Spells              Type           Power        Failure   Level  Hunger
a - Statue Form           Tmut/Erth      #........    100%        6    #######
b - Blink                 Tloc           N/A          100%        2    ###....


Dungeon Overview and Level Annotations

Branches:
Dungeon (15/15)            Temple (0/1) D:4            Lair (4/6) D:9
 Shoals (3/4) Lair:3        Snake (1/4) Lair:3          Orc (0/2) D:10
 Vaults (0/5) D:13         Depths (0/5) D:15

Altars:
Ashenzari
Cheibriados
Elyvilon
Gozag
Makhleb
Nemelex Xobeh
Qazlal
Sif Muna
Vehumet
Wu Jian
Zin

Shops:
D:5 *   D:8 (   D:9 (   D:14 }   Shoals:1 =((

Portals:
Ice
Cave: Shoals:3

Annotations:
D:15 faabio's ghost, journeyman SpEn
Shoals:3 exclusion: ice statue
Abyss:1 Jorgrun; Sonja


Innate Abilities, Weirdness & Mutations

You reflexively headbutt those who attack you in melee.
You have a pair of horns on your head.
You are partially covered in yellow scales. (AC +2)
Your flesh is cold resistant. (rC+)
Your spells are a little harder to cast, but a little more powerful.


Message History

You are engulfed in freezing vapours.
The ice statue glitters chillingly in the dim dungeon light.
You slice the ice statue!!
Space bends around the ice statue.
You headbutt the ice statue, but do no damage.
The ice statue is heavily damaged.
You are engulfed in freezing vapours.
* * * LOW HITPOINT WARNING * * *
You feel better.
You are engulfed in freezing vapours.
* * * LOW HITPOINT WARNING * * *
You slash the ice statue!
Space bends around the ice statue.
You headbutt the ice statue.
The ice statue is almost destroyed.
You are engulfed in freezing vapours.
* * * LOW HITPOINT WARNING * * *
The ice statue gestures.
Okay, then.
The ice statue glitters chillingly in the dim dungeon light.
The ice statue gestures at you. The bolt of cold hits you!
You die...

≈≈..≈≈≈≈≈≈≈≈≈≈..
≈......≈≈≈≈≈≈≈..
.........≈≈≈≈≈..
...........≈....
................
..........§......
!....[...§8§....?.
≈≈........@§§......
≈≈≈.......§§Y§.....
≈≈≈...........§....
≈≈≈................
≈≈≈≈..........≈≈≈..
≈≈≈≈≈.......≈≈≈≈≈≈.
≈≈≈≈≈≈..†...≈≈≈≈≈≈≈
≈≈≈≈≈≈≈≈≈%≈.≈≈≈≈≈≈≈
≈≈≈≈≈≈≈≈≈≈..≈≈≈≈≈.≈


You could see an ice statue and an ice beast.

Vanquished Creatures
  A merfolk impaler (Shoals:1)
  An ogre mage (D:15)
  A hydra (D:12)
  6 centaur warriors
  A merfolk avatar (Shoals:1)
  7 two-headed ogres
  A tengu warrior (D:14)
  2 dancing weapons (D:13)
  A deep elf knight (D:15)
  3 skeletal warriors (D:15)
  4 unseen horrors
  13 sea snakes
  A deep troll (D:15)
  A wolf spider zombie (D:13)
  2 mana vipers (Lair:3)
  13 harpies
  An orc knight (D:8)
  6 deep elf magi
  2 fauns (Shoals:3)
  6 ugly things
  6 manticores
  4 cyclopes
  An ice statue (Shoals:3)
  A merfolk siren (Shoals:2)
  4 black mambas
  A water nymph (Shoals:2)
  4 kobold demonologists
  6 spiny frogs
  An efreet (D:14)
  4 komodo dragons
  A yaktaur (D:15)
  A wind drake (Shoals:2)
  5 merfolk
  2 trolls
  A hornet (D:15)
  10 hippogriffs
  A snapping turtle (Shoals:1)
  2 shadows
  Sigmund (D:6)
  4 water elementals
  45 yaks
  A human (D:9)
  2 wraiths
  A basilisk (D:15)
  A steam dragon (D:8)
  2 vampire mosquitoes (D:13)
  Menkaure (D:5)
  3 nagas
  4 acid dragons
  A soldier ant (D:11)
  8 porcupines
  Duvessa (D:5)
  A swamp drake (D:11)
  9 water moccasins
  14 orc warriors
  2 ice beasts
  3 sky beasts
  2 black bears
  2 phantoms
  An eye of draining (D:13)
  7 ogres
  2 necrophages
  13 wolves
  7 centaurs
  4 crocodiles
  3 big kobolds
  25 bullfrogs
  A gnoll sergeant (D:9)
  A wyvern zombie (D:9)
  2 water moccasin zombies
  A wyvern skeleton (D:7)
  7 scorpions
  Dowan (D:5)
  6 killer bees (D:9)
  6 wights
  11 howler monkeys
  6 crimson imps
  A bullfrog zombie (D:5)
  2 centaur zombies
  6 jellies
  13 orc priests
  9 hounds
  21 orc wizards
  5 centaur skeletons
  4 bullfrog skeletons
  An iron imp (D:11)
  13 iguanas
  13 worker ants
  A killer bee zombie (D:9)
  A hound zombie (D:5)
  3 worker ant zombies
  A howler monkey zombie (D:6)
  17 adders
  7 shadow imps
  A white imp (D:11)
  An ooze (D:2)
  An adder skeleton (D:4)
  2 worms
  A dart slug (D:1)
  9 leopard geckos
  85 orcs
  4 bats
  5 giant cockroaches
  10 goblins
  6 hobgoblins
  2 jackals (D:8)
  16 kobolds
  7 quokkas
  A ball python (D:1)
  3 frilled lizards
  A leopard gecko skeleton (D:5)
  2 quokka skeletons (D:9)
  14 rats
  A butterfly (D:4)
  2 fungi
  3 plants
635 creatures vanquished.

Vanquished Creatures (others)
  The ghost of Kohma the Severer, an adept MiBe of Trog (Shoals:2)
  An ettin (D:15)
  2 hydras
  A rakshasa (D:13)
  A catoblepas (Shoals:2)
  A tengu warrior (D:13)
  A skeletal warrior (D:15)
  A sea snake (Shoals:2)
  An ugly thing (D:13)
  A manticore (Shoals:1)
  A merfolk siren (Shoals:1)
  A centaur zombie (D:15)
  A merfolk (Shoals:2)
  A wraith (D:12)
  2 yaks (D:12)
  A sky beast (D:8)
  2 ice beasts (D:13)
  A giant cockroach (D:8)
  A fungus (Lair:4)
  2 plants
24 creatures vanquished.

Grand Total: 659 creatures vanquished

Notes
Turn   | Place    | Note
-------+----------+-------------------------------------------
     0 | Abyss:1  | Gedi the Minotaur Abyssal Knight began the quest for the Orb.
     0 | Abyss:1  | Reached XP level 1. HP: 19/19 MP: 1/1
    57 | Abyss:1  | Found a corrupted altar of Lugonu.
   111 | Abyss:1  | Noticed a hell hound
   112 | D:1      | Escaped the Abyss
   437 | D:1      | Reached XP level 2. HP: 27/27 MP: 2/2
   459 | D:1      | Reached * piety under Lugonu
   818 | D:1      | Reached skill level 3 in Axes
   890 | D:1      | Reached XP level 3. HP: 33/33 MP: 3/3
  1674 | D:2      | Reached XP level 4. HP: 28/41 MP: 4/4
  2104 | D:2      | Found a white marble altar of Elyvilon.
  2227 | D:3      | Reached ** piety under Lugonu
  2422 | D:3      | Reached skill level 4 in Axes
  2692 | D:3      | Reached XP level 5. HP: 11/47 MP: 5/5
  3500 | D:3      | Found a snail-covered altar of Cheibriados.
  3511 | D:3      | Reached skill level 5 in Fighting
  3834 | D:4      | Found a staircase to the Ecumenical Temple.
  3944 | D:4      | Reached XP level 6. HP: 13/56 MP: 7/7
  3946 | D:4      | Reached skill level 5 in Axes
  4255 | D:4      | Reached *** piety under Lugonu
  4795 | D:5      | Entered Level 5 of the Dungeon
  4821 | D:5      | Noticed Menkaure
  4825 | D:5      | Killed Menkaure
  4825 | D:5      | Reached skill level 5 in Armour
  4848 | D:5      | Reached XP level 7. HP: 36/61 MP: 2/8
  4851 | D:5      | Reached skill level 6 in Axes
  5150 | D:5      | Found Voshak's Assorted Antiques.
  5157 | D:5      | Bought 2 grey potions for 39 gold pieces
  5232 | D:5      | Reached skill level 7 in Axes
  5555 | D:4      | Reached XP level 8. HP: 42/71 MP: 4/9
  5928 | D:5      | Reached skill level 8 in Axes
  6005 | D:5      | Found a deep blue altar of Sif Muna.
  6016 | D:5      | Noticed Dowan
  6020 | D:5      | Noticed Duvessa
  6024 | D:5      | Killed Dowan
  6037 | D:5      | Killed Duvessa
  6298 | D:5      | Found a shattered altar of Ashenzari.
  6470 | D:5      | Gained mutation: You are resistant to hostile enchantments. (MR+) [potion of mutation]
  6470 | D:5      | Gained mutation: You expend magic power (3 MP) to strengthen your wands. [potion of mutation]
  6470 | D:5      | Gained mutation: Your flesh is cold resistant. (rC+) [potion of mutation]
  6644 | D:6      | Reached skill level 9 in Axes
  6918 | D:6      | Noticed Sigmund
  6944 | D:6      | Killed Sigmund
  7031 | D:6      | Reached **** piety under Lugonu
  7058 | D:6      | Reached XP level 9. HP: 44/79 MP: 5/11
  7847 | D:6      | Reached skill level 10 in Axes
  8120 | D:7      | Reached skill level 1 in Shields
  8201 | D:7      | Got a crystal spear
  8528 | D:7      | Found a burning altar of Makhleb.
  8529 | D:7      | Got a brightly glowing halberd
  8969 | D:8      | Found a glowing silver altar of Zin.
  8974 | D:8      | Noticed a centaur warrior
  8976 | D:8      | Found a transporter.
  8987 | D:8      | Found a transporter.
  9016 | D:8      | Reached skill level 5 in Invocations
  9024 | D:8      | Reached skill level 11 in Axes
  9262 | D:8      | Found Biloatex's Weapon Shop.
  9308 | D:8      | Killed a centaur warrior
  9308 | D:8      | Reached XP level 10. HP: 26/90 MP: 5/12
  9687 | D:8      | Found a radiant altar of Vehumet.
  9918 | D:8      | Noticed a two-headed ogre
  9995 | D:8      | Killed a two-headed ogre
 10456 | D:8      | Found an ornate altar of the Wu Jian Council.
 10995 | D:9      | Noticed a two-headed ogre
 11064 | D:8      | Reached skill level 12 in Axes
 11436 | D:8      | Killed a two-headed ogre
 11436 | D:8      | Reached skill level 10 in Armour
 12247 | D:9      | Noticed an orc knight
 12410 | D:8      | Killed an orc knight
 12410 | D:8      | Reached XP level 11. HP: 72/99 MP: 9/14
 12745 | D:9      | Found a stormy altar of Qazlal.
 12757 | D:9      | Found Oxyoral's Weapon Emporium.
 12808 | D:9      | Reached ***** piety under Lugonu
 12891 | D:9      | Found a sparkling altar of Nemelex Xobeh.
 13230 | D:9      | Reached skill level 10 in Fighting
 13230 | D:9      | Reached skill level 5 in Shields
 13254 | D:9      | Noticed a two-headed ogre
 13294 | D:9      | Killed a two-headed ogre
 13336 | D:9      | Reached skill level 13 in Axes
 13394 | D:9      | Noticed a centaur warrior
 13398 | D:9      | Noticed a centaur warrior
 13438 | D:9      | Killed a centaur warrior
 13451 | D:9      | Killed a centaur warrior
 13872 | D:9      | Found a staircase to the Lair.
 14174 | D:10     | Entered Level 10 of the Dungeon
 14784 | D:10     | Noticed a two-headed ogre
 14797 | D:10     | Killed a two-headed ogre
 15476 | D:10     | Found a staircase to the Orcish Mines.
 15808 | Lair:1   | Entered Level 1 of the Lair of Beasts
 15951 | Lair:1   | Reached XP level 12. HP: 98/108 MP: 14/16
 16278 | Lair:1   | Reached skill level 14 in Axes
 17222 | Lair:2   | Noticed an eight-headed hydra
 17223 | Lair:2   | Banished an eight-headed hydra
 17727 | Lair:3   | Found a staircase to the Shoals.
 18232 | Lair:3   | Found a staircase to the Snake Pit.
 18460 | Lair:3   | Noticed Sonja
 18469 | Lair:3   | Banished Sonja
 18752 | Lair:3   | Reached skill level 15 in Axes
 19115 | Snake:1  | Entered Level 1 of the Snake Pit
 19952 | Lair:3   | HP: 5/111 [poisoned by a naga sharpshooter (splash of poison)]
 20548 | Lair:4   | Noticed a seven-headed hydra
 20549 | Lair:4   | Banished a seven-headed hydra
 20549 | Lair:4   | Reached XP level 13. HP: 103/117 MP: 17/17
 20580 | Lair:4   | Identified the Reference Book on Blistering Changing
 20631 | Lair:3   | Reached skill level 10 in Shields
 20873 | Shoals:1 | Entered Level 1 of the Shoals
 20877 | Shoals:1 | Found Jahor's Weapon Shop.
 20989 | Shoals:1 | Noticed a merfolk impaler
 21066 | Shoals:1 | HP: 5/117 [merfolk impaler/trident (1)]
 21824 | D:11     | Reached ****** piety under Lugonu
 22329 | D:11     | Lost mutation: You expend magic power (3 MP) to strengthen your wands. [potion of mutation]
 22329 | D:11     | Gained mutation: You are agile. (Dex +2) [potion of mutation]
 22329 | D:11     | Gained mutation: You are resistant to electric shocks. (rElec) [potion of mutation]
 22330 | D:11     | Lost mutation: You are resistant to hostile enchantments. (MR+) [potion of mutation]
 22330 | D:11     | Lost mutation: You are resistant to electric shocks. (rElec) [potion of mutation]
 22330 | D:11     | Gained mutation: You tend to lose your temper in combat. [potion of mutation]
 22330 | D:11     | Gained mutation: Your system is resistant to poisons. (rPois) [potion of mutation]
 22363 | D:11     | Identified a +2 broad axe of distortion (a +0 broad axe corrupted by Lugonu)
 22363 | D:11     | Received a gift from Lugonu
 23026 | D:12     | Reached skill level 16 in Axes
 24545 | D:13     | Found a gate to the Vaults.
 24722 | D:13     | Reached XP level 14. HP: 106/127 MP: 14/19
 25044 | D:14     | Found an opulent altar of Gozag.
 25171 | D:14     | Reached skill level 17 in Axes
 25768 | D:14     | Found Ohacihim's Gadget Emporium.
 25826 | D:14     | Lost mutation: You are agile. (Dex +2) [potion of mutation]
 25826 | D:14     | Lost mutation: Your system is resistant to poisons. (rPois) [potion of mutation]
 25826 | D:14     | Lost mutation: You tend to lose your temper in combat. [potion of mutation]
 25826 | D:14     | Gained mutation: You are partially covered in yellow scales. (AC +2) [potion of mutation]
 25826 | D:14     | Gained mutation: Your spells are a little harder to cast, but a little more powerful. [potion of mutation]
 25977 | D:15     | Entered Level 15 of the Dungeon
 26125 | D:15     | Noticed faabio's ghost (journeyman SpEn)
 26126 | D:15     | Found a staircase to the Depths.
 27653 | Shoals:1 | Found Tinnuf's Antique Weapon Shoppe.
 28499 | Shoals:1 | Found Vuanun's Food Shoppe.
 28507 | Shoals:1 | Bought a ration for 55 gold pieces
 28507 | Shoals:1 | Bought a ration for 55 gold pieces
 28507 | Shoals:1 | Bought a ration for 55 gold pieces
 28507 | Shoals:1 | Bought a ration for 55 gold pieces
 28507 | Shoals:1 | Bought a ration for 55 gold pieces
 28507 | Shoals:1 | Bought a ration for 55 gold pieces
 28507 | Shoals:1 | Bought a ration for 55 gold pieces
 28507 | Shoals:1 | Bought a ration for 55 gold pieces
 28507 | Shoals:1 | Bought a ration for 55 gold pieces
 28507 | Shoals:1 | Bought a ration for 55 gold pieces
 28687 | Shoals:1 | Found Ripil's Jewellery Emporium.
 28807 | Shoals:1 | Learned a level 6 spell: Statue Form
 28811 | Shoals:1 | Learned a level 2 spell: Blink
 29738 | Shoals:2 | Noticed Kohma's ghost (adept MiBe)
 29757 | Shoals:2 | Banished Kohma's ghost
 29764 | Shoals:2 | Identified a scroll of acquirement
 29770 | Shoals:2 | Got an encrusted hat
 29776 | Shoals:2 | Identified the +0 hat of Repulsion {*Slow rC- Str+7 Int+6} (You acquired it on level 2 of the Shoals)
 29859 | Shoals:2 | Reached XP level 15. HP: 134/136 MP: 19/21
 29860 | Shoals:2 | Reached skill level 18 in Axes
 31164 | Shoals:3 | Found a frozen archway.
 31174 | Shoals:3 | Reached skill level 10 in Invocations
 31211 | Shoals:3 | Noticed Jorgrun
 31216 | Shoals:3 | Banished Jorgrun
 31224 | Shoals:3 | HP: 3/137 [ice statue] (17)]
 31225 | Shoals:3 | Killed from afar by an ice statue

Skill      XL: |  1  2  3  4  5  6  7  8  9 10 11 12 13 14 15 |
---------------+----------------------------------------------+-----
Invocations    | 2 3 4 5 6 7 8 9 10 | 10.0
Fighting       | 4 5 6 7 8 9 10 11 12 13 | 13.7
Axes           | 3 4 5 7 9 11 12 13 15 16 17 18 | 18.1
Armour         | 3 4 5 7 9 10 11 12 13 14 | 14.0
Shields        | 2 4 7 9 11 13 14 | 14.0
Dodging        | |  1.1

Action                   |  1- 3 |  4- 6 |  7- 9 | 10-12 | 13-15 || total
-------------------------+-------+-------+-------+-------+-------++-------
Melee: Hand axe          |    93 |   142 |   366 |   698 |       ||  1299
       Headbutt          |    13 |    27 |    65 |   220 |   192 ||   517
       War axe           |       |       |       |   372 |       ||   372
       Broad axe         |       |       |       |   106 |  1068 ||  1174
Invok: Depart the Abyss  |     1 |       |       |       |       ||     1
       Banish            |       |       |       |     2 |    10 ||    12
       Brand Weapon With |       |       |       |       |     1 ||     1
  Use: Potion            |       |     9 |     3 |    12 |     6 ||    30
       Scroll            |       |    10 |       |     8 |     7 ||    25
 Stab: Sleeping          |       |     2 |       |       |       ||     2
  Eat: Chunk             |     2 |    10 |    14 |    35 |    27 ||    88
       Ration            |       |       |       |     1 |     3 ||     4
Armor: Leather armour    |    18 |       |       |       |       ||    18
       Ring mail         |     7 |    40 |    14 |       |       ||    61
       Scale mail        |       |    26 |       |       |       ||    26
       Chain mail        |       |       |   121 |    75 |       ||   196
       Plate armour      |       |       |       |   301 |   371 ||   672
       Skin              |       |       |       |    39 |       ||    39
Dodge: Dodged            |    58 |    78 |   115 |   229 |   281 ||   761
       Deflected         |       |       |     6 |     3 |       ||     9
Block: Buckler           |       |       |    24 |    54 |       ||    78
       Large shield      |       |       |       |   662 |   914 ||  1576
